 Dungeon Crawl Stone Soup version 0.30-a0-159-g068b764562 (webtiles) character file.

Game seed: 12362259468028549208

3271 zishaf the Scholar of Death (level 10, -9/82 HPs)
             Began as a Human Necromancer on Sept 27, 2022.
             Was a Follower of Kikubaaqudgha.
             Killed from afar by an electric eel (12 damage)
             ... with a bolt of electricity
             ... on level 8 of the Dungeon.
             The game lasted 00:19:48 (8251 turns).

zishaf the Scholar of Death (Human Necromancer)     Turns: 8251, Time: 00:19:49

Health: -9/82      AC:  9    Str: 14    XL:     10   Next: 19%
Magic:  8/16       EV: 12    Int: 20    God:    Kikubaaqudgha [*.....]
Gold:   511        SH:  0    Dex: 20    Spells: 9/17 levels left

rFire   . . .      SeeInvis .    b - staff of death
rCold   + . .      Faith    .    (no shield)
rNeg    + . .      Spirit   .    r - +3 leather armour "Wiasoefuf" {rC+ Str+6}
rPois   .          Reflect  .    (no helmet)
rElec   .          Harm     .    y - +1 cloak
rCorr   .          Rampage  .    (no gloves)
Will    .....                    o - +0 pair of boots
Stlth   ++........               p - amulet of the acrobat
HPRegen 0.23/turn                D - +6 ring of dexterity
MPRegen 0.15/turn                n - ring of flight

@: flying
A: no striking features
a: Renounce Religion, Unearth Wretches


You were on level 8 of the Dungeon.
You worshipped Kikubaaqudgha.
Kikubaaqudgha was aware of your devotion.
You visited 2 branches of the dungeon, and saw 11 of its levels.

You collected 511 gold pieces.

Inventory:

Hand Weapons
 a - a +2 shortbow of freezing
 w - a +1 dagger of electrocution
 z - a +1 dagger of holy wrath
Missiles
 i - 16 poisoned darts
 s - 4 throwing nets
Armour
 o - a +0 pair of boots (worn)
 r - the +3 leather armour "Wiasoefuf" (worn) {rC+ Str+6}
   (You found it on level 3 of the Dungeon)

   Str:       It affects your strength (+6).
   rC:        It protects you from cold.
 y - a +1 cloak (worn)
Magical Staves
 b - a staff of death (weapon)
Jewellery
 c - a ring of resist corrosion
 n - a ring of flight (right hand)
 p - an amulet of the acrobat (around neck)
 D - a +6 ring of dexterity (left hand)
 F - the ring "Feowom" {Str+4 Dex+6}
   (You found it on level 8 of the Dungeon)

   [ring of dexterity]

   Str:       It affects your strength (+4).
   Dex:       It affects your dexterity (+6).
Wands
 x - a wand of roots (7)
Scrolls
 f - 4 scrolls of teleportation
 g - a scroll of fear
 v - 2 scrolls of poison
 A - 2 scrolls of butterflies
 C - 2 scrolls of amnesia
 E - a scroll of enchant armour {unknown}
Potions
 d - a potion of mutation
 e - 3 potions of attraction
 h - a potion of brilliance
 j - a potion of magic
 k - 2 potions of berserk rage
 l - 4 potions of invisibility
 m - 2 potions of heal wounds
 q - a potion of lignification
 t - 2 potions of curing
 u - a potion of haste
 B - a potion of resistance


   Skills:
 + Level 8.8 Fighting
 - Level 2.0 Dodging
 - Level 2.0 Stealth
 - Level 4.0 Spellcasting
 + Level 9.8 Necromancy
 - Level 4.0 Evocations


You had 9 spell levels left.
You knew the following spells:

 Your Spells              Type           Power      Damage    Failure   Level
a - Necrotise             Necr           100%       1d9       1%          1
b - Vampiric Draining     Necr           59%        2d10      1%          3
A - Animate Dead          Necr           59%        N/A       3%          4

Your spell library contained the following spells:

 Spells                   Type           Power      Damage    Failure   Level
 Sublimation of Blood     Necr           59%        N/A       1%          2
 Kiss of Death            Conj/Necr      100%       2d13      2%          1
 Cigotuvi's Dreadful Rot  Necr/Pois/Air  50%        N/A       6%          2
 Agony                    Necr           59%        N/A       9%          5
 Sandblast                Erth           8%         2d5       16%         1
 Shock                    Conj/Air       16%        1d4       16%         1
 Passwall                 Tmut/Erth      3%         N/A       24%         2
 Poisonous Vapours        Pois/Air       8%         N/A       24%         2
 Wereblood                Tmut           4%         N/A       24%         2
 Call Canine Familiar     Summ           4%         N/A       43%         3
 Portal Projectile        Hex/Tloc       8%         N/A       43%         3
 Stone Arrow              Conj/Erth      8%         3d7       43%         3
 Swiftness                Air            4%         N/A       43%         3
 Airstrike                Air            2%         2d(1-17)  85%         4
 Leda's Liquefaction      Hex/Erth       2%         N/A       85%         4
 Yara's Violent Unravell  Hex/Tmut       2%         3d3       99%         5
 Enfeeble                 Hex            2%         N/A       100%        7
 Summon Hydra             Summ           2%         N/A       100%        7


Dungeon Overview and Level Annotations

Branches:
Dungeon (10/15)            Temple (1/1) D:4             Orc (0/2) D:10
   Lair: D:8-11

Altars:
Dithmenos
Fedhas
Gozag
Hepliaklqana
Kikubaaqudgha
Nemelex Xobeh
Sif Muna
Trog
Uskayaw
Vehumet
Xom
Yredelemnul

Annotations:
D:9 3 runed translucent doors


Message History

Confirm with . or Enter, or press ? or * to list all spells.
You can't see any susceptible monsters within range! (Use Z to cast anyway.)
Casting: Necrotise (safe; 1% risk of failure)
Confirm with . or Enter, or press ? or * to list all spells.
You can't see any susceptible monsters within range! (Use Z to cast anyway.)
The electric eel shoots out a bolt of lightning at you!
The bolt of electricity hits you!
* * * LOW HITPOINT WARNING * * *
Casting: Necrotise (safe; 1% risk of failure)
Confirm with . or Enter, or press ? or * to list all spells.
Aiming: Necrotise (safe; 1% risk of failure)
Press: ? - help, Shift-Dir - straight line, f - electric eel
Aim: an electric eel (water, chance to affect: 88%)
You feel a surge of power!
The electric eel writhes in agony.
Unknown command.
Casting: Necrotise (safe; 1% risk of failure)
Confirm with . or Enter, or press ? or * to list all spells.
Aiming: Necrotise (safe; 1% risk of failure)
Press: ? - help, Shift-Dir - straight line, f/p - electric eel
Aim: an electric eel (water, moderately wounded, chance to affect: 88%)
You feel a surge of power!
The electric eel barely resists.
Casting: Necrotise (safe; 1% risk of failure)
Confirm with . or Enter, or press ? or * to list all spells.
Aiming: Necrotise (safe; 1% risk of failure)
Press: ? - help, Shift-Dir - straight line, f/p - electric eel
Aim: an electric eel (moderately wounded, chance to affect: 88%)
You feel a surge of power!
The electric eel writhes in agony!
The electric eel shoots out a bolt of lightning at you!
The bolt of electricity hits you.
* * * LOW HITPOINT WARNING * * *
Casting: Necrotise (safe; 1% risk of failure)
Confirm with . or Enter, or press ? or * to list all spells.
Aiming: Necrotise (safe; 1% risk of failure)
Press: ? - help, Shift-Dir - straight line, f/p - electric eel
Aim: an electric eel (severely wounded, chance to affect: 88%)
You feel a surge of power!
The electric eel writhes in agony.
The electric eel shoots out a bolt of lightning at you!
The bolt of electricity hits you!
You die...
Kikubaaqudgha rasps: "You have failed me!
Welcome... death!"

#...~#
..~~~##
#..~≈≈#
#.~≈≈≈##
#.S≈≈≈≈#
#≈≈≈≈≈≈##
#.≈≈≈≈≈≈###
#.@≈≈≈≈≈≈≈#
#../≈≈≈≈≈≈≈
+#
#..~~~##≈≈≈
..# #....~#
...###....##
....#.....#
..........#
..........#
.....#....#


You could see an electric eel.

Vanquished Creatures
  A deep elf pyromancer (D:9)
  A gargoyle (D:10)
  2 wyverns (D:10)
  Menkaure (D:7)
  Duvessa (D:6)
  An ice beast (D:7)
  An orc warrior (D:10)
  2 black bears (D:5)
  A centaur (D:9)
  A phantom (D:7)
  Blork the orc (D:5)
  A gnoll sergeant (D:6)
  2 necrophages
  Dowan (D:6)
  2 electric eels (D:8)
  3 howler monkeys (D:10)
  A jelly (D:5)
  4 orc priests
  Crazy Yiuf (D:5)
  A hound (D:6)
  6 iguanas
  Ijyb (D:3)
  9 orc wizards
  6 gnolls (D:6)
  7 adders
  A worm (D:2)
  2 dart slugs
  18 orcs
  3 bats
  7 endoplasms
  A giant cockroach (D:1)
  7 hobgoblins
  5 quokkas
  10 ball pythons
  A frilled lizard (D:1)
  12 goblins
  6 kobolds
  3 rats
134 creatures vanquished.

Vanquished Creatures (collateral kills)
  An ogre (D:4)
  A necrophage (D:6)
  A hound (D:6)
  3 gnolls (D:6)
  2 orcs (D:6)
  A goblin (D:4)
9 creatures vanquished.

Vanquished Creatures (others)
  A hound zombie (D:6)
  2 orc zombies (D:6)
  11 fungi (D:4)
  2 plants (D:4)
16 creatures vanquished.

Grand Total: 159 creatures vanquished

Notes
Turn   | Place    | Note
-------+----------+-------------------------------------------
     0 | D:1      | zishaf the Human Necromancer began the quest for the Orb.
     0 | D:1      | Reached XP level 1. HP: 13/13 MP: 3/3
   442 | D:1      | Reached XP level 2. HP: 20/20 MP: 1/5
   536 | D:1      | Found a faded altar of an unknown god.
   871 | D:1      | Reached skill level 1 in Fighting
  1289 | D:2      | Reached XP level 3. HP: 26/26 MP: 6/6
  1293 | D:2      | Learned a level 3 spell: Vampiric Draining
  1737 | D:2      | Reached XP level 4. HP: 33/33 MP: 5/8
  1967 | D:3      | Noticed a necrophage
  1996 | D:3      | Killed a necrophage
  1997 | D:3      | Reached XP level 5. HP: 23/39 MP: 9/9
  2148 | D:3      | Noticed Ijyb
  2199 | D:3      | Killed Ijyb
  2585 | D:3      | Identified the +3 leather armour "Wiasoefuf" {rC+ Str+6}
  2811 | D:3      | Reached skill level 5 in Necromancy
  3106 | D:3      | Reached XP level 6. HP: 33/46 MP: 11/11
  3493 | D:4      | Noticed an ogre
  3501 | D:4      | Killed an ogre
  3671 | D:4      | Reached XP level 7. HP: 31/52 MP: 8/13
  3742 | D:4      | Learned a level 4 spell: Animate Dead
  3820 | D:4      | Found a blossoming altar of Fedhas.
  4003 | D:4      | Found a staircase to the Ecumenical Temple.
  4016 | Temple   | Entered the Ecumenical Temple
  4031 | Temple   | Became a worshipper of Kikubaaqudgha
  4108 | D:5      | Entered Level 5 of the Dungeon
  4212 | D:5      | Reached skill level 6 in Necromancy
  4448 | D:5      | Found a bloodstained altar of Trog.
  4488 | D:5      | Found a runed translucent door.
  4489 | D:5      | Noticed Crazy Yiuf
  4570 | D:5      | Reached XP level 8. HP: 49/61 MP: 8/14
  4674 | D:5      | Identified a scroll of acquirement
  4674 | D:5      | Acquired a staff of death
  4705 | D:5      | Reached skill level 5 in Fighting
  5019 | D:5      | Noticed Blork the orc
  5030 | D:5      | Killed Blork the orc
  5443 | D:5      | Killed Crazy Yiuf
  5722 | D:6      | Reached skill level 7 in Necromancy
  5837 | D:6      | Reached skill level 1 in Evocations
  5851 | D:6      | Reached * piety under Kikubaaqudgha
  5851 | D:6      | Received a gift from Kikubaaqudgha
  6285 | D:6      | Noticed Duvessa
  6286 | D:6      | Noticed Dowan
  6294 | D:6      | Killed Duvessa
  6300 | D:6      | Killed Dowan
  6301 | D:6      | Reached XP level 9. HP: 61/69 MP: 0/15
  6502 | D:6      | Found a hide-covered altar of Uskayaw.
  6767 | D:7      | Noticed Menkaure
  6778 | D:7      | Killed Menkaure
  6792 | D:7      | Reached skill level 8 in Necromancy
  6846 | D:7      | You are sucked into a shaft and drop 3 floors!
  6846 | D:10     | Entered Level 10 of the Dungeon
  7330 | D:10     | Noticed a gargoyle
  7337 | D:10     | Killed a gargoyle
  7611 | D:10     | Found a staircase to the Orcish Mines.
  7673 | D:10     | Reached skill level 9 in Necromancy
  7729 | D:9      | Noticed a deep elf pyromancer
  7737 | D:9      | Killed a deep elf pyromancer
  7738 | D:9      | Reached XP level 10. HP: 81/82 MP: 0/16
  8092 | D:9      | Found a runed translucent gate.
  8093 | D:9      | Found a runed translucent gate.
  8093 | D:9      | Found a runed translucent gate.
  8094 | D:9      | Noticed a spectral centaur warrior
  8243 | D:8      | Identified the ring "Feowom" {Str+4 Dex+6}
  8250 | D:8      | HP: 3/82 [electric eel/bolt of electricity (6)]
  8251 | D:8      | Killed from afar by an electric eel

Illustrated notes

Levels and vault maps discovered:
D:1:      wander_arrival_lonely_grave, layout_loops_corners,
          chequers_ecumenical_altar_simple_redux, kennysheep_another_room,
          minmay_misc_feat_four_crosses, corner_web_ring
D:2:      layout_basic
D:3:      kennysheep_the_goblin_king, layout_basic, grunt_ministairs_14,
          hangedman_abyss_or_decor_stabs, uniq_ijyb
D:4:      layout_rooms, fedhas_altar_3, temple_green, minmay_bent
D:5:      layout_basic, trog_three_pillars_becter,
          chequers_serial_rivers_micro_c, lemuel_flamethrower_1,
          uniq_blork_the_orc, uniq_crazy_yiuf_cottage
D:6:      layout_cave_pools, lemuel_round_altar, minmay_misc_feat_secret_circle,
          uniq_duvessa
D:7:      layout_loops_ring, dreamdust_divine_triumvirate, enter_bailey_8,
          corexii_hall_statues_l, kennysheep_generic_room_16, uniq_menkaure
D:8:      statuecave_lemuel, layout_loops_corners, lair_entry_dummy,
          amcnicky_mini_corridor_feature
D:9:      layout_basic, gammafunk_ghost_necromancy, uniq_maurice
D:10:     layout_stronghold, mainiacjoe_overflow_swirl, orc_0_dummy
Temple:   zaba_magenta_temple

Skill      XL: |  1  2  3  4  5  6  7  8  9 |
---------------+----------------------------+-----
Fighting       | 1 2 3 4 6 8 |  8.8
Spellcasting   | 3 4 |  4.0
Necromancy     | 5 6 7 9 |  9.8
Evocations     | 2 4 |  4.0
Dodging        | |  2.0
Stealth        | |  2.0

Action                   |  1- 3 |  4- 6 |  7- 9 | 10-12 || total
-------------------------+-------+-------+-------+-------++-------
Melee: Dagger            |     5 |    65 |    52 |       ||   122
       Shortbow          |       |     1 |       |       ||     1
       Staff             |       |       |    39 |    41 ||    80
       Punch             |       |       |     1 |       ||     1
 Fire: Shortbow          |    24 |    51 |    49 |       ||   124
 Cast: Necrotise         |    28 |    12 |    41 |    10 ||    91
       Vampiric Draining |       |     3 |    45 |     8 ||    56
       Animate Dead      |       |       |     1 |       ||     1
Evoke: Wand              |       |       |     4 |       ||     4
  Use: Scroll            |       |     9 |    12 |       ||    21
 Stab: Sleeping          |       |       |     1 |       ||     1
Armor: Robe              |     4 |     3 |       |       ||     7
       Leather armour    |       |    17 |    70 |    64 ||   151
Dodge: Dodged            |     5 |    68 |   155 |    38 ||   266

Table legend: (Time is in decaauts)
 A = Elapsed time spent in this place.
 B = Non-inter-level travel time spent in this place.
 C = Inter-level travel time spent in this place.
 D = Time resting spent in this place.
 E = Time spent auto-exploring this place.
 F = Levels seen in this place.
 G = Mean time per level.
                   A        B        C        D        E       F      G
               +--------+--------+--------+--------+--------+-----+--------+
         Total |   8410 |   7995 |    415 |    729 |   5839 |  11 |  764.5 |
       Dungeon |   8379 |   7978 |    401 |    729 |   5832 |  10 |  837.9 |
        Temple |     30 |     16 |     14 |      0 |      7 |   1 |   30.0 |
               +--------+--------+--------+--------+--------+-----+--------+

Top non-repeatable levels by time:
     D:3: 1520 daAuts
     D:5: 1506 daAuts
     D:1: 1190 daAuts
     D:6: 1020 daAuts
    D:10: 873 daAuts
     D:4: 801 daAuts
     D:2: 711 daAuts
     D:9: 436 daAuts
     D:7: 208 daAuts
     D:8: 109 daAuts
  Temple: 30 daAuts
